Match 43929869
Unlisted

Match 43929869
End
Vickers Machine Gun Team
Vickers Machine Gun Team
Royal Engineer Section
Construct Section Command Post
Infantry Section
Construct Platoon Command Post
Humber Armored Car
6-pounder Anti-tank Gun Team
Grenade Package
ML 3-inch Mortar Team
Construct Field Infirmary
Royal Engineer Section
Selects Indian Artillery Battlegroup
Selects Artillery Saturation
Selects Off-map Airburst Barrage
Off-map Airburst Barrage
Construct Company Command Post
Oncle-Hô
GSK7717
kristof
ZombiesSquad
Frank H C
Han
FlyingBUG
sachok931
0
0

Comments sign in to comment!

No comments posted yet!